 Dungeon Crawl Stone Soup version 0.27-a0-828-g8289197e94 (webtiles) character file.

Game seed: 16787962502446039042

404 robertstho the Magician (level 6, 0/41 HPs)
             Began as a Djinni Fire Elementalist on Mar 30, 2021.
             Slain by an ice beast (3 damage)
             ... on level 5 of the Dungeon.
             The game lasted 00:05:14 (4253 turns).

robertstho the Magician (Djinni Fire Elementalist)  Turns: 4253, Time: 00:05:14

Health: 0/41       AC:  4    Str:  7    XL:     6   Next: 86%
Gold:   85         EV: 13    Int: 18    God:
                   SH:  0    Dex: 14

rFire    + + .     SeeInvis .   l - +3 dagger
rCold    x . .     Faith    .   (no shield)
rNeg     . . .     Spirit   .   d - +2 robe {Will+}
rPois    ∞         Reflect  .   (no helmet)
rElec    .         Harm     .   (no cloak)
rCorr    .         Rampage  .   (no gloves)
Will     +....                  (boots unavailable)
Stlth    ++........             (no amulet)
HPRegen  0.13/turn              (no ring)
MPRegen  0.00/turn              (no ring)

@: flying
A: fire resistance 2, cold vulnerability 1, float, innate caster, hp casting,
extra vitality 1
a: no special abilities


You were on level 5 of the Dungeon.
You visited 1 branch of the dungeon, and saw 5 of its levels.

You collected 85 gold pieces.

Inventory:

Hand Weapons
 b - a +0 mace
 c - a +1 dagger of speed
 l - a +3 dagger (weapon)
Armour
 d - a +2 robe of willpower (worn)
Scrolls
 e - a scroll of immolation {unknown}
 f - a scroll of fog {unknown}
 i - a scroll of magic mapping {unknown}
 j - a scroll of enchant weapon


   Skills:
 + Level 0.7 Fighting
 + Level 0.2 Short Blades
 + Level 2.9 Dodging
 + Level 2.3 Stealth
 + Level 5.7 Spellcasting


You couldn't memorise any spells.
You knew the following spells:

 Your Spells              Type           Power      Damage    Failure   Level
a - Foxfire               Conj/Fire      100%       2x1d9     1%          1
b - Conjure Flame         Conj/Fire      26%        6-21      3%          3
c - Inner Flame           Hex/Fire       26%        N/A       3%          3
d - Sticky Flame          Conj/Fire      26%        2d5       12%         4
e - Fireball              Conj/Fire      13%        3d7       32%         5
f - Shock                 Conj/Air       100%       1d9       1%          1
g - Corpse Rot            Necr/Air       N/A        N/A       1%          2
Your spell library was empty.

Dungeon Overview and Level Annotations

Branches:
Dungeon (5/15)
 Temple: D:4-7

Altars:
Elyvilon
Kikubaaqudgha
Nemelex Xobeh
Okawaru
Qazlal
Xom


Innate Abilities, Weirdness & Mutations

You are immune to poison.
Your flesh is very heat resistant. (rF++)
You are vulnerable to cold. (rC-)
You float through the air rather than walking.
You learn spells naturally, not from books.
Your magical power is your life essence.
You have superior vitality. (+4 HP)


Message History

The bolt of acid hits something!
The acid corrodes something!
The bolt of acid hits the orc!
The orc is splashed with acid.
The acid corrodes the orc!
You kill the orc!
Something hits you but does no damage.
Aiming: Corrosive Bolt
Press: ? - help, Shift-Dir - straight line You hear some strange, mumbled words.
Something tries to affect you, but you resist.
Unknown command.
Aiming: Corrosive Bolt
Press: ? - help, Shift-Dir - straight line You hear some strange, mumbled words.
A magic dart appears from out of thin air!
The magic dart hits you!
* * * LOW HITPOINT WARNING * * *
Unknown command.
Aiming: Corrosive Bolt
Press: ? - help, Shift-Dir - straight line The bolt of acid hits something!
Something seems to be corroded for longer.
Reactivating autopickup.
You feel a bit more experienced.
An ice beast comes into view.
Aiming: Corrosive Bolt
Press: ? - help, Shift-Dir - straight line, f - ice beast
Aim: an ice beast (29% to evade)
The bolt of acid hits the ice beast!
The ice beast is splashed with acid.
The acid corrodes the ice beast!
The ice beast is heavily wounded.
The now-empty wand crumbles to dust.
You hear a shout!
You aren't carrying any items that you can evoke.
Unknown command.
You aren't carrying any items that you can evoke.
Unknown command.
It was a potion of flight.
You feel more buoyant. The ice beast hits you.
You die...

#. ... .. #. #.###..
#o #.##..
#o###.##.######.
#.#.....#......≈§.
#..o....#.....≈≈.≈
#.#####.#..W..≈Z≈≈
#.#########)#.....≈§≈_
#....@Y.o)).#....§§≈○○
##########..#....§§§§≈
#.........§§≈
............#
.##..........# .
...........# .
........ ..[....


You could see an ice beast (corroded) and an orc.

Vanquished Creatures
  An ogre (D:3)
  A hound (D:4)
  2 orc priests
  A bullfrog skeleton (D:3)
  3 orc wizards
  4 adders
  A white imp (D:4)
  A worm (D:3)
  2 dart slugs
  11 orcs
  4 ball pythons
  6 endoplasms
  5 goblins
  8 hobgoblins
  8 kobolds
  6 quokkas
  6 bats
  2 frilled lizards (D:1)
  3 rats
75 creatures vanquished.

Vanquished Creatures (others)
  An orc wizard (D:5)
  239 foxfires
240 creatures vanquished.

Grand Total: 315 creatures vanquished

Notes
Turn   | Place    | Note
-------+----------+-------------------------------------------
     0 | D:1      | robertstho the Djinni Fire Elementalist began the quest for
                  | the Orb.
     0 | D:1      | Reached XP level 1. HP: 15/15 MP: 0/0
   159 | D:1      | Reached skill level 3 in Spellcasting
   159 | D:1      | Reached XP level 2. HP: 19/21 MP: 0/0
   790 | D:1      | Reached XP level 3. HP: 23/25 MP: 0/0
   790 | D:1      | Learned a level 1 spell: Shock
  1225 | D:2      | Found a faded altar of an unknown god.
  2261 | D:3      | Reached XP level 4. HP: 29/31 MP: 0/0
  2281 | D:3      | Noticed an ogre
  2293 | D:3      | Killed an ogre
  2294 | D:3      | Reached skill level 4 in Spellcasting
  2294 | D:3      | Reached XP level 5. HP: 19/35 MP: 0/0
  2294 | D:3      | Learned a level 2 spell: Corpse Rot
  2698 | D:3      | Found a sparkling altar of Nemelex Xobeh.
  2967 | D:3      | Reached skill level 5 in Spellcasting
  2967 | D:3      | Reached XP level 6. HP: 36/41 MP: 0/0
  3285 | D:3      | Found an iron altar of Okawaru.
  3915 | D:4      | Found a white marble altar of Elyvilon.
  4096 | D:4      | Found a stormy altar of Qazlal.
  4198 | D:5      | Entered Level 5 of the Dungeon
  4224 | D:5      | Noticed a sky beast
  4225 | D:5      | Found a shimmering altar of Xom.
  4248 | D:5      | Noticed an ice beast
  4253 | D:5      | Slain by an ice beast

Illustrated notes

Levels and vault maps discovered:
D:1:      dpeg_arrival_ternary, layout_basic, serial_glass, glass_columns_a,
          glass_columns_a
D:2:      layout_loops_ring, chequers_ecumenical_altar_simple
D:3:      layout_basic, nicolae_overflow_hidden_temple, okawaru_trees_1
D:4:      layout_rooms, marbit_many_paths, elyvilon_altar_5
D:5:      layout_basic, xom_confusion_cloud, overflow_temple_1_default, tgw_sif,
          uniq_ijyb, uniq_prince_ribbit1

Skill      XL: |  1  2  3  4  5 |
---------------+----------------+-----
Spellcasting   | 3 4 5 |  5.7
Stealth        | 2 |  2.3
Fighting       | |  0.7
Short Blades   | |  0.2
Dodging        | |  2.9

Action                   |  1- 3 |  4- 6 || total
-------------------------+-------+-------++-------
Melee: Dagger            |     4 |     4 ||     8
 Cast: Foxfire           |    79 |    72 ||   151
       Sticky Flame      |       |     3 ||     3
Evoke: Wand              |       |    10 ||    10
  Use: Scroll            |       |     4 ||     4
       Potion            |       |     4 ||     4
Armor: Robe              |     5 |     5 ||    10
Dodge: Dodged            |    21 |    27 ||    48

Table legend: (Time is in decaauts)
 A = Elapsed time spent in this place.
 B = Non-inter-level travel time spent in this place.
 C = Inter-level travel time spent in this place.
 D = Time resting spent in this place.
 E = Time spent auto-exploring this place.
 F = Levels seen in this place.
 G = Mean time per level.
                   A        B        C        D        E       F      G
               +--------+--------+--------+--------+--------+-----+--------+
         Total |   4250 |   4134 |    116 |    365 |   3210 |   5 |  850.0 |
       Dungeon |   4250 |   4134 |    116 |    365 |   3210 |   5 |  850.0 |
               +--------+--------+--------+--------+--------+-----+--------+

Top non-repeatable levels by time:
     D:2: 1290 daAuts
     D:3: 1271 daAuts
     D:1: 1068 daAuts
     D:4: 566 daAuts
     D:5: 54 daAuts
